 Dungeon Crawl Stone Soup version 0.19.1-1-g22dce08 (webtiles) character file.

4608 dvd the Slasher (level 10, -2/97 (98) HPs)
             Began as a Troll Berserker on Jan 14, 2017.
             Was a High Priest of Trog.
             Slain by a two-headed ogre
             ... wielding a +0 giant spiked club
              (12 damage)
             ... on level 9 of the Dungeon.
             The game lasted 00:26:07 (7983 turns).

dvd the Slasher (Troll Berserker)                   Turns: 7983, Time: 00:26:09

HP:   -2/97 (98)    AC: 15    Str: 27    XL:     10   Next: 19%
MP:   0/18          EV: 12    Int:  4    God:    Trog [*****.]
Gold: 529           SH:  0    Dex: 11    Spells: 0 memorised, 9 levels left

rFire  + . .     SeeInvis .     a - +4 great mace (protect)
rCold  + . .     Gourm    +     C - +1 robe {rC+ rF+}
rNeg   . . .     Faith    .     (shield currently unavailable)
rPois  .         Spirit   +     (helmet restricted)
rElec  .         Reflect  .     h - +1 cloak
rCorr  .         Harm     .     (gloves unavailable)
MR     +....                    (boots unavailable)
Stlth  +.........               v - amulet of guardian spirit
                                E - ring of magical power
                                q - ring of protection from magic

@: exhausted, protection aura, slowed, very slow
A: unfitting armour, claws 3, fast metabolism 3, gourmand, regeneration 1,
shaggy fur 1, tough skin 2, sturdy frame 1
a: Berserk, Trog's Hand, Brothers in Arms, Burn Spellbooks, Renounce Religion


You were on level 9 of the Dungeon.
You worshipped Trog.
Trog was extremely pleased with you.
You were full.

You visited 1 branch of the dungeon, and saw 9 of its levels.
You also visited: Sewer.

You collected 529 gold pieces.

Inventory:

Hand Weapons
 a - a +4 great mace of protection (weapon)
 f - a +2 whip of flaming
 l - a +0 trident of protection
 s - a +3 flail of protection
 D - a +0 long sword
 F - a +2 mace of draining
Missiles
 e - 10 javelins
 u - 6 large rocks (quivered)
Armour
 h - a +1 cloak (worn)
 C - a +1 robe of resistance (worn)
Jewellery
 q - a ring of protection from magic (left claw)
 v - an amulet of guardian spirit (around neck)
 E - a ring of magical power (right claw)
Wands
 j - a wand of lightning (8/15)
 m - a wand of teleportation (3/9)
 p - a wand of flame (16/48)
Scrolls
 i - 13 scrolls of identify
 n - 2 scrolls of remove curse
 y - 2 scrolls of blinking
 B - 2 scrolls of teleportation
Potions
 b - 2 potions of mutation
 d - a potion of berserk rage {unknown}
 g - 2 potions of haste
 k - 2 potions of ambrosia
 o - 4 potions of heal wounds
 z - 4 potions of flight
 A - 6 potions of curing
Comestibles
 c - 6 bread rations
 r - 3 meat rations
 t - a slice of pizza
 w - 2 fruits
 x - 5 beef jerkies


   Skills:
 + Level 6.2 Fighting
 + Level 6.7 Long Blades
 + Level 6.2 Maces & Flails
 + Level 3.0 Polearms
 + Level 1.0 Throwing
 + Level 6.4 Dodging
 - Level 1.0 Stealth


You had 9 spell levels left.
You didn't know any spells.

Dungeon Overview and Level Annotations

Branches:
Dungeon (9/15)             Temple (0/1) D:7
   Lair: D:8-11         Orc: D:9-12

Altars:
Gozag
Sif Muna
Xom
Yredelemnul

Shops:
D:7 !   D:8 (

Annotations:
D:7 exclusion: oklob plant


Innate Abilities, Weirdness & Mutations

You are too large for most types of armour.
You have claws for hands.
Your metabolism is lightning-fast.
You like to eat raw meat.
Your natural rate of healing is unusually fast.
You are covered in fur. (AC +1)
You have very tough skin. (AC +2)
Your movements are slightly less encumbered by armour. (ER -2)


Message History

Dngmouse's ghost is almost destroyed.
Dngmouse's ghost hits you!
* * * LOW HITPOINT WARNING * * *
A two-headed ogre comes into view.
It is wielding a giant spiked club and a giant club.
You sock dngmouse's ghost!
You destroy dngmouse's ghost!
Trog accepts your kill.
Your Maces & Flails skill increases to level 6!
Unknown command.
You are no longer berserk.
You are exhausted.
You feel yourself slow down.
The two-headed ogre hits you but does no damage. x2
You hit the two-headed ogre.
The two-headed ogre is lightly wounded.
The two-headed ogre hits you with a giant spiked club!!
* * * LOW HITPOINT WARNING * * *
The two-headed ogre closely misses you. x2
The two-headed ogre hits you with a giant club!
You die...

#># #.# #.# #.#
#.###.#####.#
#<...........
#..##.####(#
#........#.#
#..#####.#.######.#
##.# #......O...# #.#
#.....@## #.#
#.#.##.#
#.#####.#.##.#
#.........##.#######.
###.#.###(..#.......#
#. #.##.#######. #>
#.##.# #. #.##.# #.
#.##.#


You could see a two-headed ogre.

Vanquished Creatures
  The ghost of dngmouse the Cleaver, a novice MiFi of Okawaru (D:9)
  Pikel (D:4)
  A hippogriff (D:7)
  Edmund (D:4)
  3 orc warriors
  An ice beast (D:7)
  2 sky beasts (D:8)
  A phantom (D:6)
  An ogre (D:5)
  2 necrophages
  2 centaurs (D:8)
  2 big kobolds
  3 bullfrogs
  A scorpion (D:6)
  A water moccasin skeleton (D:9)
  2 howler monkeys
  5 wights (D:7)
  3 crimson imps
  A bullfrog zombie (D:8)
  2 quasits
  A hound (D:7)
  A centaur skeleton (D:6)
  5 orc priests
  13 orc wizards
  2 bullfrog skeletons
  3 iguanas
  Natasha (thrice) (D:4)
  4 worker ants
  A killer bee zombie (D:8)
  A howler monkey zombie (D:5)
  8 gnolls
  A river rat (Sewer)
  8 adders
  4 shadow imps
  An ooze (D:4)
  2 adder skeletons
  An adder zombie (D:8)
  3 dart slugs
  8 leopard geckos
  24 orcs
  7 giant cockroaches
  17 goblins
  9 hobgoblins
  14 jackals
  4 quokkas
  6 bats
  4 frilled lizards
  22 kobolds
  A leopard gecko skeleton (D:4)
  A quokka skeleton (D:4)
  A quokka zombie (D:6)
  10 rats
226 creatures vanquished.

Vanquished Creatures (others)
  An orc priest (D:4)
  An orc wizard (D:4)
  3 orcs (D:4)
  A jackal skeleton (D:4)
6 creatures vanquished.

Grand Total: 232 creatures vanquished

Notes
Turn   | Place    | Note
-------+----------+-------------------------------------------
     0 | D:1      | dvd the Troll Berserker began the quest for the Orb.
     0 | D:1      | Reached XP level 1. HP: 22/22 MP: 0/0
    86 | D:1      | Noticed an ogre
    86 | D:1      | Noticed an ogre
    88 | D:1      | Noticed an ogre
   304 | D:1      | Reached XP level 2. HP: 29/29 MP: 1/1
   750 | D:1      | Noticed an ogre
  1048 | D:2      | Reached XP level 3. HP: 36/36 MP: 2/2
  1268 | D:2      | Found a basalt altar of Yredelemnul.
  1273 | D:2      | Reached ** piety under Trog
  1609 | D:3      | Reached XP level 4. HP: 44/44 MP: 3/3
  1982 | D:3      | Reached XP level 5. HP: 42/53 MP: 4/4
  2145 | D:3      | Reached *** piety under Trog
  2466 | D:3      | Received a gift from Trog
  2698 | D:4      | Noticed Natasha
  2705 | D:4      | Killed Natasha
  2845 | D:4      | Noticed Edmund
  2847 | D:4      | Noticed a slave
  2847 | D:4      | Noticed Pikel
  2847 | D:4      | Noticed a slave
  2848 | D:4      | Noticed a slave
  2849 | D:4      | Noticed a slave
  2851 | D:4      | Noticed Natasha
  2860 | D:4      | Killed Edmund
  2860 | D:4      | Reached XP level 6. HP: 61/61 MP: 5/5
  2911 | D:4      | Killed Pikel
  2911 | D:4      | Reached skill level 5 in Maces & Flails
  2911 | D:4      | Reached XP level 7. HP: 70/70 MP: 6/6
  2920 | D:4      | Killed Natasha
  2987 | D:4      | Reached skill level 1 in Stealth
  3134 | D:4      | Noticed Natasha
  3145 | D:4      | Killed Natasha
  3267 | D:4      | Found a shimmering altar of Xom.
  3821 | D:4      | Reached XP level 8. HP: 77/79 MP: 7/7
  3853 | D:5      | Entered Level 5 of the Dungeon
  4245 | D:5      | Found a glowing drain.
  4274 | Sewer    | Entered a sewer
  4364 | Sewer    | Reached **** piety under Trog
  4427 | Sewer    | Found a white marble altar of Elyvilon.
  4885 | D:5      | Reached skill level 5 in Fighting
  5285 | D:6      | Reached skill level 5 in Dodging
  5318 | D:6      | Reached skill level 5 in Long Blades
  5607 | D:6      | Reached XP level 9. HP: 83/87 MP: 8/8
  5645 | D:6      | Found a deep blue altar of Sif Muna.
  5773 | D:6      | Found an opulent altar of Gozag.
  5875 | D:7      | Found a staircase to the Ecumenical Temple.
  5896 | D:7      | Noticed an oklob plant
  6043 | D:7      | Reached ***** piety under Trog
  6048 | D:7      | Found an opulent altar of Gozag.
  6216 | D:7      | Found Cishronk's Distillery.
  6219 | D:7      | Gained mutation: Your movements are slightly less encumbered by armour. (ER -2) [potion of beneficial mutation]
  6249 | D:7      | You fall through a shaft for 2 floors!
  6266 | D:9      | Found a shimmering altar of Xom.
  6333 | D:8      | Reached skill level 1 in Polearms
  7383 | D:8      | Found Weuv's Weapon Emporium.
  7440 | D:8      | Reached skill level 1 in Throwing
  7772 | D:8      | Reached XP level 10. HP: 97/97 MP: 9/9
  7968 | D:9      | Noticed dngmouse's ghost (novice MiFi)
  7981 | D:9      | Killed dngmouse's ghost
  7983 | D:9      | Slain by a two-headed ogre

Skill      XL: |  1  2  3  4  5  6  7  8  9 10 |
---------------+-------------------------------+-----
Maces & Flails | 3 4 5 6 |  6.2
Fighting       | 3 4 5 6 |  6.2
Dodging        | 3 4 5 6 |  6.4
Long Blades    | 2 3 5 6 |  6.7
Stealth        | 1 |  1.0
Polearms       | 3 |  3.0
Throwing       | 1 |  1.0

Action                   |  1- 3 |  4- 6 |  7- 9 | 10-12 || total
-------------------------+-------+-------+-------+-------++-------
Melee: Mace              |   130 |   127 |       |       ||   257
       Long sword        |       |    51 |   432 |       ||   483
       Trident           |       |       |   163 |       ||   163
       Flail             |       |       |    51 |       ||    51
       Great mace        |       |       |    29 |    17 ||    46
Throw: Large rock        |       |       |    12 |       ||    12
       Stone             |       |       |     3 |       ||     3
Invok: Berserk           |       |     3 |    11 |     1 ||    15
       Trog's Hand       |       |     3 |       |       ||     3
  Use: Scroll            |       |     8 |    10 |     1 ||    19
       Potion            |       |     4 |     6 |       ||    10
 Stab: Sleeping          |     1 |       |     2 |       ||     3
  Eat: Chunk             |    19 |    14 |    63 |       ||    96
Armor: Animal skin       |    61 |    86 |   121 |       ||   268
       Skin              |       |       |     4 |       ||     4
       Robe              |       |       |   263 |     8 ||   271
Dodge: Dodged            |    83 |    94 |   588 |     3 ||   768
       Rpst.: Long sword |       |     9 |   107 |       ||   116
